Map: Jagannatha LE

Players

MissFanta (ThuocLao)

  • Race: Protoss Protoss
  • League: Grandmaster
  • Spawn Location: 7:00

TeebuL - Winner!

  • Race: Protoss Protoss
  • Spawn Location: 1:00

Event: DreamHack SC2 Masters 2020 Winter

VOD

Have the link to the VOD?

Description

Time

  • Played on: Oct. 18, 2020, 1:37 a.m.
  • Length: 24:08

All games in this series

Show
View Real Time Build Order
Export as new Build Order

MissFanta Protoss 

Build Orders: Oracle Opening 

Get SALT Encoding   

  12  0:00  Probe  
  13  0:12  Probe  
  14  0:17  Pylon  
  14  0:24  Probe  
  15  0:35  Gateway  
  15  0:39  Probe (Chrono Boost)  
  16  0:47  Probe (Chrono Boost)  
  16  0:48  Assimilator  
  17  0:53  Probe  
  17  0:56  Assimilator  
  18  1:05  Probe (Chrono Boost)  
  18  1:09  Gateway  
  19  1:17  Probe (Chrono Boost)  
  20  1:23  Cybernetics Core  
  20  1:25  Probe (Chrono Boost)  
  21  1:34  Pylon  
  21  1:36  Probe  
  22  1:48  Probe  
  22  1:52  Pylon  
  23  1:59  Warp Gate  
  23  2:00  Probe  
  24  2:11  Stargate  
  24  2:18  Shield Battery  
  24  2:25  Probe  
  25  2:34  Adept x2  
  29  2:42  Probe  
  30  2:52  Oracle (Chrono Boost)  
  30  2:54  Probe  
  34  3:01  Pylon  
  33  3:06  Shield Battery  
  33  3:07  Probe  
  34  3:13  Stalker  
  34  3:18  Stalker  
  38  3:29  Pylon  
  36  4:04  Nexus  
  36  4:07  Twilight Council  
  36  4:12  Stalker x2  
  36  4:15  Probe  
  39  4:22  Shield Battery  
  39  4:27  Probe  
  39  4:31  Gateway  
  40  4:45  Adept x2  
  44  5:02  Shield Battery  
  43  5:07  Stalker x2  
  45  5:16  Blink (Chrono Boost)  
  45  5:18  Probe  
  47  5:21  Probe  
  45  5:33  Dark Shrine  
  43  5:37  Shield Battery  
  43  5:39  Probe  
  43  5:42  Pylon, Probe  
  45  5:49  Stalker  
  47  5:57  Adept x2  
  47  6:00  Probe  
  47  6:01  Probe  
  50  6:12  Probe  
  50  6:23  Probe  
  50  6:24  Probe  
  52  6:37  Robotics Facility  
  50  6:41  Probe  
  50  6:42  Probe  
  50  6:47  Dark Templar  
  50  6:48  Dark Templar  
  50  6:53  Pylon, Probe  
  55  6:54  Probe  
  55  6:57  Gateway  
  55  6:59  Gateway  
  56  7:05  Probe  
  56  7:06  Probe  
  58  7:15  Stalker  
  60  7:17  Probe  
  60  7:18  Probe  
  60  7:25  Observer (Chrono Boost)  
  60  7:28  Stalker x2  
  66  7:30  Forge, Probe x2  
  66  7:33  Pylon  
  67  7:40  Stalker  
  67  7:42  Probe x2  
  67  7:44  Assimilator  
  71  7:45  Assimilator  
  71  7:47  Charge (Chrono Boost)  
  71  7:50  Gateway  
  71  7:54  Probe  
  72  7:59  Probe  
  72  8:03  Warp Prism  
  75  8:08  Pylon  
  75  8:18  Dark Templar  
  77  8:23  Protoss Ground Weapons Level 1 (Chrono Boost)  
  77  8:24  Archon  
  77  8:27  Pylon  
  77  8:29  Pylon  
  77  8:30  Pylon  
  77  8:34  Pylon  
  77  8:39  Gateway  
  77  8:41  Photon Cannon  
  77  8:44  Photon Cannon  
  77  8:50  Zealot x2  
  81  8:56  Zealot  
  81  9:00  Zealot  
  85  9:15  Dark Templar x2, Zealot  
  85  9:16  Zealot  
  93  9:19  Archon  
  92  9:25  Probe  
  92  9:29  Pylon  
  80  9:41  Zealot  
  80  9:42  Zealot  
  68  9:46  Zealot  
  52  9:55  Stalker x2  
  52  9:56  Stalker x3  
  58  10:05  Dark Templar x2  
  61  10:19  Dark Templar x2, Zealot  
  61  10:20  Zealot  
  67  10:22  Archon  
  67  10:23  Protoss Ground Weapons Level 2 (Chrono Boost)  
  67  10:32  Robotics Bay  
  67  10:43  Archon, Robotics Facility  
  67  10:55  Stalker  
  67  10:56  Stalker x2  
  73  11:17  Probe  
  74  11:19  Disruptor (Chrono Boost)  
  74  11:23  Nexus  
  77  11:32  Disruptor (Chrono Boost)  
  80  11:45  Stalker x3, Disruptor (Chrono Boost)  
  89  11:50  Photon Cannon  
  89  11:54  Disruptor (Chrono Boost)  
  92  12:01  Probe x2  
  94  12:08  Stalker x2  
  94  12:14  Assimilator  
  94  12:15  Observer  
  99  12:18  Assimilator  
  99  12:22  Stalker  
  101  12:23  Shield Battery  
  101  12:36  Stalker x2  
  101  12:37  Stalker, Observer  
  105  12:39  Probe x3  
  110  12:49  Stalker x2  
  114  12:52  Observer  
  115  13:05  Stalker  
  115  13:06  Stalker x2  
  115  13:07  Observer  
  115  13:11  Probe x3  
  124  13:18  Photon Cannon  
  124  13:23  Probe  
  123  13:33  Disruptor (Chrono Boost)  
  107  13:35  Zealot x4  
  107  13:38  Observer  
  107  13:39  Disruptor (Chrono Boost)  
  115  13:46  Stalker x2  
  115  13:48  Zealot  
  112  14:09  Disruptor (Chrono Boost)  
  114  14:10  Photon Cannon  
  114  14:12  Photon Cannon  
  115  14:33  Stalker x3  
  121  14:38  Disruptor (Chrono Boost)  
  121  14:39  Zealot  
  121  14:40  Zealot x3  
  128  14:53  Gravitic Boosters (Chrono Boost)  
  128  14:54  Probe  
  129  15:00  Observer  
  129  15:04  Robotics Facility  
  130  15:20  Observer  
  129  15:25  Probe  
  130  15:32  Observer (Chrono Boost)  
  131  15:35  Pylon  
  131  15:36  Nexus  
  131  15:45  Observer (Chrono Boost)  
  131  15:47  Pylon  
  132  15:51  Disruptor (Chrono Boost)  
  132  15:55  Pylon  
  132  15:56  Pylon  
  135  15:57  Protoss Ground Weapons Level 3 (Chrono Boost)  
  135  15:58  Pylon  
  135  16:00  Pylon  
  135  16:12  Photon Cannon  
  135  16:15  Photon Cannon, Shield Battery  
  135  16:21  Shield Battery  
  135  16:26  Observer  
  122  16:39  Zealot x2  
  124  16:40  Zealot x5  
  131  16:54  Probe  
  132  17:02  Photon Cannon  
  132  17:04  Shield Battery  
  132  17:05  Stalker x2  
  132  17:06  Stalker, Shield Battery  
  138  17:10  Assimilator  
  138  17:13  Assimilator  
  129  17:23  Zealot x4  
  131  17:30  Zealot x3  
  137  17:38  Observer x2  
  139  17:44  Photon Cannon  
  139  17:47  Pylon  
  139  17:48  Pylon  
  139  17:52  Photon Cannon  
  139  17:56  Stalker x3  
  138  18:28  Disruptor x2 (Chrono Boost)  
  138  18:32  Stalker x3  
  138  18:33  Stalker x4  
  135  18:47  Templar Archives  
  135  18:50  Gateway  
  135  18:53  Disruptor (Chrono Boost)  
  135  18:54  Disruptor (Chrono Boost)  
  135  18:57  Protoss Ground Armor Level 1  
  141  19:05  Stalker x3  
  141  19:06  Stalker  
  144  19:17  Stalker  
  144  19:18  Stalker x2  
  132  19:48  Observer  
  132  19:50  Nexus  
  132  19:58  Disruptor  
  132  19:59  Disruptor  
  136  20:15  Photon Cannon  
  136  20:16  Zealot x2  
  136  20:18  Photon Cannon  
  138  20:33  Photon Cannon  
  138  20:35  Pylon, Observer x2  
  140  20:43  Photon Cannon  
  140  20:45  Shield Battery  
  140  20:50  Observer  
  140  21:01  Disruptor  
  140  21:04  High Templar x3  
  145  21:07  High Templar  
  145  21:08  Archon  
  151  21:20  Observer  
  151  21:31  High Templar x4  
  137  21:50  Dark Templar x3  
  137  22:07  Dark Templar  
  80  23:41  Assimilator  
Show
View Real Time Build Order
Export as new Build Order

TeebuL Protoss - Winner!

Build Orders: Phoenix Opening, Carriers 

Get SALT Encoding   

  12  0:00  Probe  
  13  0:12  Probe  
  14  0:17  Pylon  
  14  0:25  Probe (Chrono Boost)  
  15  0:37  Probe (Chrono Boost)  
  15  0:39  Gateway  
  16  0:43  Probe (Chrono Boost)  
  16  0:47  Assimilator  
  17  0:51  Probe  
  17  0:55  Assimilator  
  18  1:03  Probe (Chrono Boost)  
  19  1:08  Gateway  
  19  1:15  Probe (Chrono Boost)  
  20  1:21  Probe (Chrono Boost)  
  21  1:27  Cybernetics Core  
  21  1:29  Probe  
  22  1:35  Pylon  
  22  1:41  Probe  
  23  1:54  Probe  
  24  2:03  Adept x2  
  24  2:07  Pylon  
  28  2:08  Warp Gate (Chrono Boost)  
  28  2:32  Stargate  
  28  2:35  Stalker, Shield Battery  
  28  2:36  Stalker  
  32  2:44  Probe  
  33  2:52  Pylon  
  33  3:01  Shield Battery  
  33  3:15  Phoenix (Chrono Boost)  
  35  3:28  Nexus  
  35  3:32  Shield Battery  
  35  3:35  Probe  
  36  3:43  Phoenix  
  37  3:50  Stalker  
  35  4:03  Probe  
  35  4:08  Phoenix (Chrono Boost)  
  38  4:15  Probe  
  39  4:22  Adept  
  39  4:23  Adept  
  43  4:28  Probe  
  43  4:30  Phoenix (Chrono Boost)  
  44  4:37  Twilight Council  
  46  4:40  Probe  
  46  4:45  Probe  
  48  4:52  Probe  
  49  5:02  Probe  
  49  5:04  Probe  
  51  5:14  Probe  
  50  5:16  Probe  
  47  5:26  Probe (Chrono Boost)  
  48  5:28  Probe (Chrono Boost)  
  49  5:37  Dark Shrine  
  49  5:39  Blink  
  49  5:41  Probe (Chrono Boost)  
  51  5:43  Pylon, Probe (Chrono Boost)  
  51  5:49  Probe (Chrono Boost)  
  53  5:51  Probe (Chrono Boost)  
  54  5:58  Probe (Chrono Boost)  
  54  5:59  Probe (Chrono Boost)  
  55  6:04  Probe  
  55  6:07  Probe  
  55  6:09  Shield Battery  
  57  6:14  Robotics Facility  
  57  6:16  Probe  
  56  6:19  Probe  
  56  6:22  Stalker x2  
  61  6:28  Probe  
  61  6:31  Probe  
  61  6:35  Shield Battery  
  59  6:41  Probe  
  59  6:43  Probe  
  61  6:47  Assimilator  
  61  6:50  Assimilator  
  61  6:53  Probe  
  62  6:55  Probe  
  62  6:58  Pylon  
  62  6:59  Dark Templar  
  65  7:02  Gateway  
  65  7:04  Gateway, Observer (Chrono Boost)  
  65  7:06  Probe (Chrono Boost)  
  67  7:10  Probe (Chrono Boost)  
  63  7:22  Probe (Chrono Boost)  
  57  7:23  Probe (Chrono Boost)  
  57  7:28  Dark Templar  
  57  7:29  Probe x2 (Chrono Boost)  
  61  7:40  Probe  
  61  7:41  Probe  
  61  7:49  Immortal  
  61  7:51  Stalker  
  67  7:53  Probe  
  67  7:54  Forge, Probe  
  69  8:05  Probe  
  70  8:08  Stalker x3  
  70  8:11  Pylon  
  76  8:15  Pylon  
  76  8:23  Protoss Ground Weapons Level 1 (Chrono Boost)  
  76  8:34  Nexus  
  76  8:36  Immortal  
  76  8:37  Sentry  
  76  8:39  Sentry  
  84  8:45  Pylon  
  84  8:47  Probe  
  85  8:49  Probe  
  86  8:56  Photon Cannon  
  86  8:59  Photon Cannon  
  86  9:04  Stalker  
  88  9:10  Robotics Bay  
  88  9:12  Stalker  
  90  9:17  Pylon  
  90  9:30  Dark Templar x2  
  90  9:40  Stalker x2  
  88  9:50  Probe  
  88  9:51  Probe x2  
  86  9:58  Observer (Chrono Boost)  
  87  10:01  Charge (Chrono Boost)  
  87  10:03  Probe x3  
  87  10:05  Photon Cannon  
  90  10:12  Shadow Stride  
  90  10:15  Probe x3  
  90  10:21  Protoss Ground Weapons Level 2  
  91  10:24  Shield Battery  
  91  10:27  Probe x2  
  93  10:29  Gateway  
  93  10:30  Gateway  
  93  10:32  Gateway  
  93  10:33  Gateway  
  93  10:35  Immortal (Chrono Boost)  
  95  10:47  Assimilator  
  95  10:48  Probe x2  
  97  10:50  Assimilator  
  97  11:01  Dark Templar  
  99  11:07  Disruptor (Chrono Boost)  
  102  11:13  Dark Templar x2, Zealot  
  108  11:20  Pylon  
  108  11:29  Archon  
  108  11:30  Pylon  
  108  11:31  Photon Cannon  
  108  11:34  Zealot x3  
  108  11:35  Zealot  
  108  11:36  Archon  
  116  11:41  Observer (Chrono Boost), Gravitic Boosters  
  116  11:46  Dark Templar x2  
  119  11:47  Zealot x2  
  123  11:54  Disruptor  
  123  11:59  Pylon  
  123  12:00  Dark Templar, Pylon  
  128  12:01  Dark Templar  
  128  12:04  Zealot  
  128  12:05  Archon x2  
  132  12:18  Nexus  
  132  12:19  Pylon  
  132  12:21  Dark Templar x2  
  132  12:22  Zealot  
  138  12:25  Archon  
  138  12:35  Disruptor (Chrono Boost)  
  139  12:43  Photon Cannon  
  139  12:45  Shield Battery  
  139  12:46  Dark Templar x2  
  139  12:47  Zealot x2  
  139  12:48  Zealot  
  149  12:59  Probe x3  
  149  13:02  Dark Templar  
  149  13:03  Zealot  
  156  13:11  Probe  
  157  13:13  Pylon, Probe  
  157  13:22  Disruptor  
  157  13:33  Stalker x6  
  165  13:46  Stalker x2  
  165  13:47  Probe x3  
  168  13:55  Probe  
  165  13:57  Disruptor  
  165  13:59  Dark Templar x3  
  165  14:00  Zealot x3  
  174  14:27  Probe  
  174  14:30  Fleet Beacon  
  173  14:33  Disruptor  
  176  14:43  Stalker x2  
  180  14:47  Assimilator, Photon Cannon  
  172  14:57  Stargate  
  172  14:58  Assimilator  
  170  15:10  Dark Templar  
  170  15:16  Mothership (Chrono Boost)  
  169  15:22  Carrier (Chrono Boost)  
  169  15:25  Observer (Chrono Boost)  
  169  15:26  Nexus, Pylon  
  171  15:33  Protoss Ground Weapons Level 3 (Chrono Boost), Pylon  
  171  15:34  Pylon  
  171  15:35  Pylon  
  179  15:42  Zealot x2, Protoss Air Weapons Level 1 (Chrono Boost)  
  180  15:45  Pylon  
  180  15:47  Pylon  
  180  15:50  Pylon  
  180  15:51  Pylon  
  180  15:52  Photon Cannon  
  180  15:53  Pylon  
  180  15:54  Photon Cannon  
  180  15:59  Dark Templar, Zealot  
  180  16:00  Zealot x2  
  188  16:06  Photon Cannon  
  188  16:07  Shield Battery, Carrier (Chrono Boost)  
  192  16:31  Carrier (Chrono Boost)  
  195  16:43  Observer  
  190  16:48  Dark Templar x2  
  190  16:49  Zealot x4  
  196  17:00  Photon Cannon  
  196  17:01  Photon Cannon  
  196  17:05  Assimilator  
  196  17:06  Assimilator  
  188  17:26  Carrier  
  188  17:28  Carrier  
  192  17:36  Observer  
  187  17:40  Stalker x5  
  187  17:41  Stalker  
  176  18:21  Pylon  
  170  18:30  Carrier  
  175  18:41  Stalker x8  
  190  18:48  Observer  
  187  19:10  Observer  
  179  19:20  Dark Templar x6  
  179  19:34  Pylon x2  
  179  19:40  Disruptor  
  179  19:43  Stalker x2  
  186  19:48  Gateway  
  186  19:49  Gateway  
  186  19:51  Gateway x2  
  186  19:52  Gateway  
  175  19:53  Robotics Facility  
  175  19:55  Carrier  
  175  19:57  Dark Templar x2, Zealot  
  175  19:58  Zealot x3  
  187  20:13  Stalker x2  
  190  20:15  Photon Cannon  
  190  20:16  Photon Cannon  
  190  20:22  Photon Cannon, Shield Battery  
  190  20:23  Pylon  
  190  20:25  Photon Cannon  
  190  20:26  Stalker x4, Photon Cannon  
  198  20:34  Stalker x2  
  192  20:36  Carrier  
  192  20:37  Nexus  
  196  20:43  Pylon  
  196  20:47  Assimilator  
  190  20:58  Dark Templar x3, Pylon  
  190  21:00  Zealot x5  
  196  21:18  Photon Cannon  
  196  21:20  Photon Cannon  
  196  21:22  Photon Cannon  
  196  21:24  Shield Battery  
  196  21:31  Disruptor  
  199  21:41  Observer  
  199  21:46  Dark Shrine  
  172  21:55  Photon Cannon  
  172  21:56  Photon Cannon  
  172  21:57  Photon Cannon  
  172  21:59  Pylon  
  163  22:06  Gateway  
  142  22:09  Gateway  
  139  22:21  Dark Templar x3  
  139  22:22  Zealot x3  
  147  22:23  Zealot x4  
  147  22:29  Observer (Chrono Boost)  
  137  22:49  Dark Templar, Zealot  
  140  22:52  Probe (Chrono Boost)  
  141  23:01  Probe (Chrono Boost)  
  142  23:06  Probe (Chrono Boost)  
  142  23:09  Cybernetics Core, Dark Templar x2  
  142  23:10  Zealot  
  149  23:18  Probe  
  143  23:34  Dark Templar  
  145  23:46  Zealot x3  
  151  23:52  Photon Cannon  
Tags
 
Add a new tag
Caveats
  • Supply blocks, unpowered buildings, or Contaminate may cause inaccurate times.
  • Supply counts are checked every 10 seconds.